 Dungeon Crawl Stone Soup version 0.31-a0-868-g674d60d6f7 (webtiles) character file.

Game seed: 2202847834648849249

478 jasper the Cudgeller (level 6, -24/53 HPs)
             Began as an Armataur Fighter on Oct 11, 2023.
             Was an Initiate of Ashenzari.
             Annihilated by an ogre
             ... wielding a +0 giant spiked club
              (31 damage)
             ... on level 5 of the Dungeon.
             The game lasted 00:07:22 (2322 turns).

jasper the Cudgeller (Armataur Fighter)             Turns: 2322, Time: 00:07:22

Health: -24/53     AC:  9    Str: 23    XL:     6   Next: 86%
Magic:  6/6        EV:  4    Int:  8    God:    Ashenzari [......]
Gold:   102        SH:  5    Dex: 16    Spells: 5/5 levels left

rFire   + . .        a - +0 flail
rCold   . . .        c - +0 buckler
rNeg    . . .        h - +0 plate armour
rPois   .            (no helmet)
rElec   .            (no cloak)
rCorr   .            (no gloves)
SInv    .            (no barding)
Will    .....        (no amulet) Stlth
                     l - +6 ring of dexterity
HPRegen 0.28/turn    j - ring of protection from fire
MPRegen 0.10/turn

%: roll
@: no status effects
A: large, rugged brown scales 3, deformed body, armoured tail, roll, long
tongue, awkward tongue
a: Renounce Religion


You were on level 5 of the Dungeon.
You worshipped Ashenzari.
Ashenzari was noncommittal.
You visited 2 branches of the dungeon, and saw 5 of its levels.

You collected 102 gold pieces.

Inventory:

Hand Weapons
 a - a +0 flail (weapon)
Missiles
 p - 11 stones
Armour
 b - a +0 scale mail
 c - a +0 buckler (worn)
 h - a +0 plate armour (worn)
Jewellery
 j - a ring of protection from fire (right hand)
 l - a +6 ring of dexterity (left hand)
Talismans
 e - a beast talisman
Scrolls
 f - a scroll of revelation
 n - a scroll of brand weapon {unknown}
 o - a scroll of teleportation {unknown}
 s - a scroll of noise {unknown}
 u - a scroll of blinking {unknown}
Potions
 d - a potion of ambrosia
 g - a potion of attraction
 i - a potion of heal wounds
 k - 2 potions of invisibility
 m - 2 potions of curing
 q - a potion of magic {unknown}
 r - a potion of enlightenment {unknown}
 t - a potion of resistance {unknown}


   Skills:
 - Level 2.6 Fighting
 * Level 6.8 Maces & Flails
 - Level 3.6 Armour
 - Level 3.2 Shields


You had 5 spell levels left.
You didn't know any spells.
Your spell library contained the following spells:

 Spells                   Type           Power      Damage    Failure   Level
 Scorch                   Fire           0%         2d5       100%        2
 Flame Wave               Conj/Fire      0%         2d4       100%        4
 Summon Cactus Giant      Summ           0%         N/A       100%        6


Dungeon Overview and Level Annotations

Branches:
Dungeon (5/15)             Temple (1/1) D:4

Altars:
Ashenzari
Cheibriados
Dithmenos
Elyvilon
Fedhas
Gozag
Nemelex Xobeh
Qazlal
Ru
Sif Muna
Trog
Vehumet
Wu Jian
Yredelemnul
Zin
The Shining One


Innate Abilities, Weirdness & Mutations

You are completely covered in rugged brown scales. (AC +3, +7% HP)
Armour fits poorly on your strangely shaped body.
You have a long armoured tail.
You roll when moving toward enemies. (Rampage)
Your long tongue fully drains potion bottles. (2x potion effects)
Your tongue gives you trouble enunciating. (1.5x scroll delay)


Message History

As you slowly read the scroll of identify, it crumbles to dust.
i - a potion of heal wounds As you slowly read the scroll of identify, it crumbles to dust.
k - 2 potions of invisibility As you slowly read the scroll of identify, it crumbles to dust.
m - 2 potions of curing You don't know any spells.
There is a staircase to the Ecumenical Temple here.
There is an escape hatch in the ceiling here.
There is a stone staircase leading down here.
You climb downwards.
Found a beast talisman and a scroll labelled GEOMUL XUCATT.
There is a stone staircase leading up here.
You see here a beast talisman.
e - a beast talisman
u - a scroll labelled GEOMUL XUCATT A white imp and an ogre come into view.
The white imp shouts, "Bolt, thou artless fob-snatching bandersnitch!"
The ogre shouts!
You sock the ogre!
You tail-slap the ogre, but do no damage.
The ogre is moderately wounded.
The ogre hits you with a +0 giant spiked club!!
You take 22 damage, and have 31/53 hp.
MASSIVE DAMAGE!!
You sock the ogre!
The ogre is severely wounded.
You block the ogre's attack.
You hit the ogre.
The ogre is almost dead.
You closely miss the ogre.
The ogre is almost dead.
The ogre hits you with a +0 giant spiked club!!
* * * LOW HITPOINT WARNING * * *
You take 25 damage, and have 7/53 hp.
MASSIVE DAMAGE!!
You completely miss the ogre.
You tail-slap the ogre, but do no damage.
The ogre is almost dead.
The ogre hits you with a +0 giant spiked club!!
Ouch! That really hurt!
You die...

...... ..... .... ...
##.. #... #.#.# #
#@#..#####.. .# #O#
..#... ..#
####5###...### ....
##.....##.....##
#..##..............##
#..................#
###...........<....#
...##.................#
#....................#


You could see an ogre and a white imp.

Vanquished Creatures
  A black bear (D:4)
  An ogre (D:4)
  A phantom (D:4)
  A bullfrog (D:4)
  A hound (D:4)
  An iguana (D:4)
  2 sleepcaps (D:4)
  2 dart slugs (D:1)
  5 bats (D:1)
  4 endoplasms
  2 giant cockroaches
  9 goblins
  5 hobgoblins
  6 quokkas
  4 ball pythons
  2 frilled lizards (D:1)
  4 kobolds
  2 rats (D:1)
53 creatures vanquished.

Notes
Turn   | Place    | Note
-------+----------+-------------------------------------------
     0 | D:1      | jasper the Armataur Fighter began the quest for the Orb.
     0 | D:1      | Reached XP level 1. HP: 19/19 MP: 1/1
    25 | D:1      | Reached skill level 2 in Maces & Flails
   138 | D:1      | Reached XP level 2. HP: 26/26 MP: 2/2
   475 | D:1      | Reached skill level 3 in Maces & Flails
   809 | D:1      | Reached XP level 3. HP: 32/32 MP: 3/3
  1282 | D:2      | You fall into a shaft and drop 2 floors!
  1338 | D:4      | Reached XP level 4. HP: 33/39 MP: 4/4
  1384 | D:4      | Reached skill level 4 in Maces & Flails
  1472 | D:4      | Noticed a black bear
  1493 | D:4      | Killed a black bear
  1494 | D:4      | Reached skill level 5 in Maces & Flails
  1494 | D:4      | Reached XP level 5. HP: 40/44 MP: 5/5
  1541 | D:4      | Found a staircase to the Ecumenical Temple.
  1559 | Temple   | Entered the Ecumenical Temple
  1577 | Temple   | Became a worshipper of Ashenzari the Shackled
  1670 | D:4      | Found a blossoming altar of Fedhas.
  1697 | D:4      | Noticed a phantom
  1708 | D:4      | Killed a phantom
  1709 | D:4      | Reached skill level 6 in Maces & Flails
  1709 | D:4      | Reached XP level 6. HP: 48/53 MP: 6/6
  2285 | D:5      | Entered Level 5 of the Dungeon
  2322 | D:5      | Annihilated by an ogre

Illustrated notes

Levels and vault maps discovered:
D:1:      eino_arrival_cavern_d, layout_basic
D:2:      layout_basic, uniq_robin
D:4:      layout_basic, kennysheep_mini, minmay_temple_entry_wispy,
          hangedman_decor_slide_cut, minmay_misc_feat_pillars
D:5:      layout_rooms, gammafunk_ghost_mausoleum, grunt_ministairs_4,
          uniq_edmund, uniq_pikel
Temple:   hellmonk_temple_of_storms

Skill      XL: |  1  2  3  4  5 |
---------------+----------------+-----
Maces & Flails | 2 3 5 6 |  6.8
Fighting       | |  2.6
Armour         | |  3.6
Shields        | |  3.2

Action                     |  1- 3 |  4- 6 || total
---------------------------+-------+-------++-------
  Melee: Flail             |   134 |    64 ||   198
         Tailslap          |     8 |    16 ||    24
    Use: Scroll            |     2 |     4 ||     6
         Potion            |       |     1 ||     1
 Armour: Scale mail        |    64 |       ||    64
         Plate armour      |    37 |    53 ||    90
  Dodge: Dodged            |    40 |     8 ||    48
  Block: Buckler           |    33 |    12 ||    45

Table legend: (Time is in decaauts)
 A = Elapsed time spent in this place.
 B = Non-inter-level travel time spent in this place.
 C = Inter-level travel time spent in this place.
 D = Time resting spent in this place.
 E = Time spent auto-exploring this place.
 F = Levels seen in this place.
 G = Mean time per level.
                   A        B        C        D        E       F      G
               +--------+--------+--------+--------+--------+-----+--------+
         Total |   2370 |   2288 |     82 |    230 |   1468 |   5 |  474.0 |
       Dungeon |   2334 |   2286 |     48 |    230 |   1468 |   4 |  583.5 |
        Temple |     36 |      2 |     34 |      0 |      0 |   1 |   36.0 |
               +--------+--------+--------+--------+--------+-----+--------+

Top non-repeatable levels by time:
     D:4: 980 daAuts
     D:1: 952 daAuts
     D:2: 365 daAuts
     D:5: 36 daAuts
  Temple: 36 daAuts
